 Dungeon Crawl Stone Soup version 0.16-a0-2296-gdce89d5 (webtiles) character file.

781 ztt the Shield-Bearer (level 7, -1/61 HPs)
             Began as a Minotaur Fighter on Nov 16, 2014.
             Slain by an ogre
             ... wielding a +0 giant club
              (26 damage)
             ... on level 4 of the Dungeon.
             The game lasted 00:04:11 (2473 turns).

ztt the Shield-Bearer (Minotaur Fighter)            Turns: 2473, Time: 00:04:11

Health: -1/61      AC:  9    Str: 22    XL:     7   Next: 55%
Magic:  3/3        EV:  7    Int:  5    God:
Gold:   196        SH: 10    Dex: 10    Spells: 0 memorised, 6 levels left

rFire  . . .     SeeInvis .     a - +0 war axe
rCold  . . .     Clarity  .     b - +0 scale mail
rNeg   . . .     SustAb   .     c - +0 shield
rPois  .         Gourm    .     (helmet restricted)
rElec  .         Spirit   .     g - +1 cloak
rCorr  .         Warding  .     (no gloves)
rMut   .         Stasis   .     (no boots)
MR     .....                    (no amulet)
Stlth  ..........               (no ring)
                                (no ring)

@: not resistant to hostile enchantments, extremely unstealthy
A: retaliatory headbutt, horns 2
a: no special abilities


You were on level 4 of the Dungeon.
You were hungry.

You visited 1 branch of the dungeon, and saw 4 of its levels.

You collected 196 gold pieces.

Inventory:

Hand weapons
 a - a +0 war axe (weapon)
Armour
 b - a +0 scale mail (worn)
 c - a +0 shield (worn)
 g - a +1 cloak (worn)
Jewellery
 z - a cursed -4 ring of dexterity {unknown}
 D - an uncursed ring of see invisible {unknown}
Magical devices
 x - a wand of draining (4)
 B - a wand of enslavement (13)
 C - a wand of paralysis (20)
Scrolls
 f - a scroll of magic mapping
 k - a scroll of recharging
 n - 2 scrolls of teleportation
 o - a scroll of fog
 q - a scroll of remove curse {unknown}
Potions
 e - 2 potions of might
 h - a potion of agility
 j - 4 potions of curing {unknown}
 p - a potion of cure mutation {unknown}
 r - a potion of lignification {unknown}
 s - a potion of restore abilities {unknown}
 t - a potion of mutation {unknown}
 v - a potion of cancellation {unknown}
Comestibles
 d - 6 bread rations
 i - a beef jerky
 l - 5 fruits
 m - 2 meat rations


   Skills:
 + Level 5.2 Fighting
 + Level 5.3 Axes
 + Level 5.7 Armour
 + Level 2.7 Dodging
 + Level 1.0 Stealth
 + Level 6.6 Shields


You had 6 spell levels left.
You didn't know any spells.

Dungeon Overview and Level Annotations

Branches:
Dungeon (4/15)
 Temple: D:4-7

Altars:
Gozag
Yredelemnul


Innate Abilities, Weirdness & Mutations

You reflexively headbutt those who attack you in melee.
You have a pair of horns on your head.


Message History

You block the ogre's attack.
An ogre is nearby!
You slash the ogre!
You headbutt the ogre, but do no damage.
The ogre is moderately wounded.
The ogre closely misses you.
An ogre is nearby!
You barely miss the ogre.
The ogre is moderately wounded.
You feel sick.
You are no longer poisoned.
The ogre hits you with a giant club!!
An ogre is nearby!
You hit the ogre.
The ogre is moderately wounded.
You block the ogre's attack.
You barely miss the ogre.
The ogre is moderately wounded.
The ogre hits you with a giant club!!
You die...

#####.##
.#############
##...## #..
###.#.#.## #..
#.....##.# #..
#.#.###.## #..
#.##.#.## #..
#.###.## #..
#.# ###
#)O#########
#.#
#..@.......#
#.#
####.#####.#
#.# ####.# #.#
##....# #.#
#.....# #.#
#.....# #.#
#.....#
#.#######
##...##
#.......#
##.##


You could see an ogre.

Vanquished Creatures
  Eustachio (D:4)
  The ghost of zkyp the Chopper, an average MiAr (D:3)
  Menkaure (D:4)
  Sigmund (D:4)
  2 orc priests
  Crazy Yiuf (D:2)
  A centaur skeleton (D:4)
  Natasha (twice) (D:3)
  An orc wizard (D:4)
  Jessica (D:3)
  Terence (D:2)
  3 adders
  An ooze (D:1)
  6 giant geckos
  6 orcs
  2 ball pythons (D:1)
  3 giant cockroaches
  5 goblins
  10 hobgoblins
  7 jackals
  9 kobolds
  2 quokkas
  13 bats
  2 giant newts
  11 rats
93 creatures vanquished.

Notes
Turn   | Place    | Note
--------------------------------------------------------------
     0 | D:1      | ztt, the Minotaur Fighter, began the quest for the Orb.
     0 | D:1      | Reached XP level 1. HP: 19/19 MP: 1/1
   354 | D:1      | Reached XP level 2. HP: 27/27 MP: 1/1
   447 | D:1      | Reached skill level 4 in Shields
   766 | D:2      | Noticed Crazy Yiuf
   773 | D:2      | Killed Crazy Yiuf
   773 | D:2      | Reached XP level 3. HP: 19/33 MP: 2/2
  1019 | D:2      | Reached XP level 4. HP: 31/40 MP: 2/2
  1435 | D:2      | Noticed Terence
  1443 | D:2      | Killed Terence
  1443 | D:2      | Reached skill level 1 in Dodging
  1513 | D:3      | Noticed zkyp's ghost (average MiAr)
  1522 | D:3      | Killed zkyp's ghost
  1522 | D:3      | Reached skill level 5 in Armour
  1522 | D:3      | Reached skill level 5 in Shields
  1522 | D:3      | Reached XP level 5. HP: 30/47 MP: 2/2
  1624 | D:3      | Noticed Natasha
  1628 | D:3      | Killed Natasha
  1628 | D:3      | Reached XP level 6. HP: 45/53 MP: 3/3
  1681 | D:3      | Noticed Jessica
  1686 | D:3      | Killed Jessica
  1687 | D:3      | Noticed Natasha
  1696 | D:3      | Killed Natasha
  1821 | D:3      | Found a basalt altar of Yredelemnul.
  1821 | D:3      | Found an opulent altar of Gozag.
  2120 | D:4      | Noticed Eustachio
  2142 | D:4      | Killed Eustachio
  2142 | D:4      | Reached skill level 5 in Fighting
  2142 | D:4      | Reached skill level 1 in Stealth
  2142 | D:4      | Reached XP level 7. HP: 59/61 MP: 3/3
  2257 | D:4      | Noticed Sigmund
  2257 | D:4      | Noticed Menkaure
  2270 | D:4      | Killed Sigmund
  2270 | D:4      | Reached skill level 6 in Shields
  2275 | D:4      | Killed Menkaure
  2275 | D:4      | Reached skill level 5 in Axes
  2473 | D:4      | Slain by an ogre

Action                   |  1- 3 |  4- 6 |  7- 9 || total
-------------------------+-------+-------+-------++-------
Melee: War axe           |    84 |   127 |    52 ||   263
  Use: Potion            |       |     1 |       ||     1
       Scroll            |       |     4 |     6 ||    10
  Eat: Meat ration       |       |     1 |       ||     1
